 Dungeon Crawl Stone Soup version 0.20.0-3-g22ec75f (webtiles) character file.

2676 Kosschaser the Basher (level 9, -1/55 HPs)
             Began as a Gargoyle Fighter on May 27, 2017.
             Was a Follower of Okawaru.
             Slain by a red ugly thing (18 damage)
             ... on level 6 of the Dungeon.
             The game lasted 00:20:39 (6398 turns).

Kosschaser the Basher (Gargoyle Fighter)            Turns: 6398, Time: 00:20:40

Health: -1/55      AC: 14    Str: 24    XL:     9   Next: 64%
Magic:  0/9        EV: 17    Int:  8    God:    Okawaru [*.....]
Gold:   147        SH: 13    Dex:  9    Spells: 8/8 levels left

rFire    . . .     SeeInvis .   x - +2 flail (crush)
rCold    . . .     Gourm    .   c - +0 shield
rNeg     + + .     Faith    .   P - +3 leather armour {rPois}
rPois    ∞         Spirit   +   (no helmet)
rElec    +         Reflect  .   H - scarf {Spirit}
rCorr    .         Harm     .   n - +0 pair of gloves
MR       .....                  (no boots)
Stlth    ++........             o - amulet of regeneration
Regen    0.6/turn               I - ring of positive energy (curse)
MPRegen  0.2/turn               B - +3 ring of evasion

@: heroism
A: negative energy resistance 1, electricity resistance, unbreathing,
petrification resistance, rot immunity, AC +5
a: Heroism, Renounce Religion


You were on level 6 of the Dungeon.
You worshipped Okawaru.
Okawaru was aware of your devotion.
You were not hungry.

You visited 2 branches of the dungeon, and saw 8 of its levels.

You collected 315 gold pieces.
You spent 168 gold pieces at shops.

Inventory:

Hand Weapons
 x - a +2 flail of crushing (weapon)
Armour
 c - a +0 shield (worn)
 n - a +0 pair of gloves (worn)
 H - a scarf of spirit shield (worn)
 O - a +0 plate armour
 P - a +3 leather armour of poison resistance (worn)
Jewellery
 o - an amulet of regeneration (around neck)
 B - a +3 ring of evasion (right hand)
 F - a +2 ring of slaying
 I - a cursed ring of positive energy (left hand)
Wands
 v - a wand of acid (8/15)
 C - a wand of digging (15/24)
 D - a wand of confusion (20/48)
 J - a wand of random effects (14/48)
 L - a wand of confusion (27/48)
 N - a wand of digging (15/24)
Scrolls
 e - a scroll of magic mapping {unknown}
 h - 2 scrolls of enchant armour {unknown}
 j - 3 scrolls of remove curse {unknown}
 k - 2 scrolls of immolation {unknown}
 m - 5 scrolls of identify {unknown}
 q - 4 scrolls of teleportation
 t - 3 scrolls of fog
 w - 5 scrolls of enchant weapon {unknown}
 y - a scroll of amnesia {unknown}
 K - 3 scrolls of recharging {unknown}
Potions
 a - 2 potions of cancellation {unknown}
 b - 2 potions of brilliance {unknown}
 d - 3 potions of might
 g - a potion of agility {unknown}
 i - 4 potions of haste {unknown}
 p - 2 potions of ambrosia {unknown}
 r - 2 potions of mutation {unknown}
 u - 2 potions of berserk rage {unknown}
 z - 2 potions of heal wounds
 A - 3 potions of curing {unknown}
 E - 4 potions of flight {unknown}
 M - a potion of magic {unknown}
Comestibles
 f - 4 bread rations
 l - 4 royal jellies
 s - 8 fruits
 G - a meat ration


   Skills:
 + Level 6.1(11.1) Fighting
 + Level 8.2(13.2) Maces & Flails
 + Level 6.9(11.9) Armour
 + Level 2.6(7.6) Dodging
 + Level 7.4(12.4) Shields
 + Level 0.1 Evocations


You had 8 spell levels left.
You didn't know any spells.

Dungeon Overview and Level Annotations

Branches:
Dungeon (7/15)             Temple (1/1) D:7

Altars:
Ashenzari
Cheibriados
Dithmenos
Elyvilon
Fedhas
Gozag
Hepliaklqana
Kikubaaqudgha
Makhleb
Nemelex Xobeh
Okawaru
Ru
Sif Muna
Trog
Uskayaw
Vehumet
Yredelemnul
Zin

Shops:
D:4 [?==   D:5 *!

Annotations:
D:6 1 transporter


Innate Abilities, Weirdness & Mutations

You are resistant to torment.
Your stone body is resilient. (AC +5)
You are immune to poison.
You resist negative energy. (rN+)
You are resistant to electric shocks. (rElec)
You can survive without breathing.
You are immune to petrification.
You are immune to rotting.


Message History

The red ugly thing pecks you but does no damage.
You sock the red ugly thing!
The red ugly thing is severely wounded.
You block the leopard gecko's attack.
You block the adder simulacrum's attack.
The red ugly thing pecks you!
You are engulfed in flames!
You closely miss the red ugly thing.
The red ugly thing is severely wounded.
The leopard gecko bites you but does no damage.
You block the adder simulacrum's attack.
You hit the red ugly thing but do no damage.
The red ugly thing is severely wounded.
The red ugly thing pecks you but does no damage.
You block the leopard gecko's attack.
You block the adder simulacrum's attack.
You hit the red ugly thing but do no damage.
The red ugly thing is severely wounded.
You block the leopard gecko's attack. The red ugly thing pecks you.
You are engulfed in flames!!
You die...

##### #####)..##
###........#####
#........©.....##
#.#..#########..#
#.#.##8.....8##.#
#.#.#....lu...#.########
#.#.#.#..@Z#..#.##.....#
#.#.#..#....#.#.##.....#
#.#.#©........#.##.....#
#.#.#.)#....#.#.##.....###
#.#.#.#....#..#.##.....##.
#.#.#.$($$$$$.#...........
#.#.##8.}_..8##..#......#.
#.#..#########...#......##
#.##...........#.......##.


You could see a red ugly thing, an adder simulacrum and a leopard gecko.

Vanquished Creatures
  Joseph (D:7)
  A hippogriff (D:7)
  Sigmund (D:3)
  Menkaure (D:6)
  An ice beast (D:5)
  2 orc warriors
  A centaur (D:7)
  3 bullfrogs (D:7)
  A water moccasin zombie (D:7)
  A scorpion (D:7)
  2 howler monkeys
  2 crimson imps
  A bullfrog skeleton (D:5)
  5 jellies
  3 hounds
  Crazy Yiuf (D:3)
  5 orc priests
  A centaur skeleton (D:4)
  5 orc wizards
  Jessica (D:2)
  Ijyb (D:3)
  2 iguanas
  Natasha (thrice) (D:3)
  2 worker ants
  A hound skeleton (D:7)
  2 worker ant zombies
  9 adders
  2 shadow imps (D:6)
  7 oozes (D:2)
  An adder skeleton (D:4)
  6 worms
  2 dart slugs
  2 leopard geckos (D:3)
  19 orcs
  4 bats
  4 giant cockroaches
  8 hobgoblins
  9 jackals
  2 quokkas
  3 frilled lizards
  7 goblins
  15 kobolds
  11 rats
  A spectral orc (D:5)
162 creatures vanquished.

Vanquished Creatures (others)
  A fungus (D:2)
  9 toadstools (D:2)
10 creatures vanquished.

Grand Total: 172 creatures vanquished

Notes
Turn   | Place    | Note
-------+----------+-------------------------------------------
     0 | D:1      | Kosschaser the Gargoyle Fighter began the quest for the Orb.
     0 | D:1      | Reached XP level 1. HP: 14/14 MP: 1/1
   183 | D:1      | Reached XP level 2. HP: 19/19 MP: 2/2
   509 | D:2      | Noticed Jessica
   517 | D:2      | Reached XP level 3. HP: 23/23 MP: 3/3
   526 | D:2      | Killed Jessica
   628 | D:2      | Reached XP level 4. HP: 29/29 MP: 4/4
   678 | D:2      | Reached skill level 3 in Maces & Flails
   760 | D:2      | Reached XP level 5. HP: 26/33 MP: 5/5
   938 | D:2      | Reached skill level 4 in Maces & Flails
  1009 | D:2      | Reached XP level 6. HP: 38/38 MP: 6/6
  1630 | D:3      | Found a sparkling altar of Nemelex Xobeh.
  1653 | D:3      | Found a sparkling altar of Nemelex Xobeh.
  1895 | D:3      | Noticed Sigmund
  1921 | D:3      | Killed Sigmund
  1921 | D:3      | Reached skill level 1 in Dodging
  1921 | D:3      | Reached skill level 5 in Shields
  1921 | D:3      | Reached XP level 7. HP: 23/44 MP: 7/7
  2182 | D:3      | Noticed Ijyb
  2196 | D:3      | Killed Ijyb
  2295 | D:3      | Reached skill level 5 in Maces & Flails
  2376 | D:3      | Found a runed door.
  2380 | D:3      | Noticed Crazy Yiuf
  2389 | D:3      | Killed Crazy Yiuf
  2430 | D:3      | Noticed Natasha
  2440 | D:3      | Killed Natasha
  2535 | D:3      | Noticed Natasha
  2543 | D:3      | Killed Natasha
  2543 | D:3      | Reached skill level 5 in Armour
  2628 | D:3      | Noticed Natasha
  2635 | D:3      | Killed Natasha
  2772 | D:4      | Found Zotewkei's Jewellery Shop.
  2875 | D:4      | Found Foyd's Jewellery Shoppe.
  2992 | D:4      | Found Umoetewn's Armour Shop.
  2996 | D:4      | Bought a scarf of spirit shield for 108 gold pieces
  3208 | D:4      | Found a radiant altar of Vehumet.
  3317 | D:4      | Found Ostuteng's Magic Scroll Shop.
  3323 | D:4      | Bought a scroll of teleportation for 30 gold pieces
  3323 | D:4      | Bought a scroll of noise for 10 gold pieces
  3323 | D:4      | Bought a scroll of fog for 20 gold pieces
  3568 | D:4      | Found a sacrificial altar of Ru.
  3617 | D:5      | Entered Level 5 of the Dungeon
  3663 | D:5      | Found Mowkoaca's General Store.
  3798 | D:5      | Found Wighab's Distillery.
  3823 | D:5      | Reached XP level 8. HP: 25/48 MP: 3/8
  3883 | D:5      | Reached skill level 6 in Maces & Flails
  4267 | D:5      | Found a basalt altar of Yredelemnul.
  4472 | D:6      | Reached skill level 5 in Fighting
  4505 | D:6      | Noticed Menkaure
  4513 | D:6      | Killed Menkaure
  4811 | D:6      | Noticed a red ugly thing
  4825 | D:6      | Found a burning altar of Makhleb.
  4952 | D:6      | Reached skill level 7 in Maces & Flails
  5293 | D:7      | Found a deep blue altar of Sif Muna.
  5341 | D:7      | Reached XP level 9. HP: 53/54 MP: 9/9
  5365 | D:7      | Found a staircase to the Ecumenical Temple.
  5371 | Temple   | Entered the Ecumenical Temple
  5516 | Temple   | Became a worshipper of Warmaster Okawaru
  5642 | D:7      | Noticed Joseph
  5662 | D:7      | Killed Joseph
  5764 | D:7      | Reached * piety under Okawaru
  5875 | D:7      | Reached skill level 8 in Maces & Flails
  6116 | D:7      | Found a shadowy altar of Dithmenos.
  6154 | D:7      | Found a snail-covered altar of Cheibriados.
  6398 | D:6      | Slain by a red ugly thing

Skill      XL: |  1  2  3  4  5  6  7  8  9 |
---------------+----------------------------+-----
Shields        | 4 5 6 7 |  7.4
Maces & Flails | 3 4 5 7 8 |  8.2
Fighting       | 4 5 6 |  6.1
Armour         | 4 5 6 |  6.9
Dodging        | 1 2 |  2.6
Evocations     | |  0.1

Action                   |  1- 3 |  4- 6 |  7- 9 || total
-------------------------+-------+-------+-------++-------
Melee: Flail             |    69 |   246 |   346 ||   661
Invok: Heroism           |       |       |     1 ||     1
Evoke: Wand              |       |       |     1 ||     1
  Use: Scroll            |       |       |     2 ||     2
  Eat: Chunk             |       |     3 |    16 ||    19
Armor: Scale mail        |    30 |   153 |    76 ||   259
       Plate armour      |       |       |    34 ||    34
       Leather armour    |       |       |    35 ||    35
Dodge: Dodged            |    21 |    78 |   103 ||   202
Block: Shield            |    35 |   155 |   157 ||   347
